 Dungeon Crawl Stone Soup version 0.27-a0-1555-g0e7b3fb1d2 (webtiles) character file.

Game seed: 2617794105835591326

3476 Spectrina the Thaumaturge (level 10, -2/60 HPs)
             Began as a Djinni Ice Elementalist on July 14, 2021.
             Was an Elder of Lugonu.
             Slain by an ice beast (19 damage)
             ... on level 7 of the Dungeon.
             The game lasted 01:05:26 (4826 turns).

Spectrina the Thaumaturge (Djinni Ice Elementalist) Turns: 4826, Time: 01:05:27

Health: -2/60      AC: 17    Str:  7    XL:     10   Next: 27%
Gold:   252        EV:  7    Int: 19    God:    Lugonu [****..] SH:  0 Dex: 18

rFire    + + .     SeeInvis .   a - +6 hunting sling of Trial by Ordeal {venom, Dex+3}
rCold    x . .     Faith    .   (no shield)
rNeg     . . .     Spirit   .   L - +3 scale mail {rPois}
rPois    ∞         Reflect  .   (no helmet)
rElec    .         Harm     .   c - +1 cloak
rCorr    .         Rampage  .   U - +1 pair of gloves
Will     +....                  (boots unavailable)
Stlth    +.........             (no amulet)
HPRegen  0.20/turn              v - +4 ring of protection
MPRegen  0.00/turn              (no ring)

@: flying
A: sickness immunity, fire resistance 2, cold vulnerability 1, float, innate
caster, hp casting, extra vitality 1
a: Renounce Religion, Depart the Abyss, Bend Space, Banish, Corrupt


You were on level 7 of the Dungeon.
You worshipped Lugonu.
Lugonu was greatly pleased with you.
You visited 1 branch of the dungeon, and saw 8 of its levels.

You collected 454 gold pieces.
You spent 202 gold pieces at shops.

Inventory:

Hand Weapons
 a - the +6 hunting sling of Trial by Ordeal (weapon) {venom, Dex+3}
   (You took it off a gnoll on level 5 of the Dungeon)

   Any ammunition fired from it poisons the flesh of those it strikes.
   Dex:       It affects your dexterity (+3).
 b - a +5 flail of protection
 S - a +0 antimagic halberd
Missiles
 d - 8 javelins
 k - a curare-tipped dart
 N - 123 stones (quivered ammo)
Armour
 c - a +1 cloak (worn)
 I - a +0 scale mail of positive energy
 L - a +3 scale mail of poison resistance (worn)
 R - a +2 robe of fire resistance
 T - a +0 kite shield
 U - a +1 pair of gloves (worn)
Magical Staves
 D - a staff of earth
Jewellery
 v - a +4 ring of protection (left hand)
Wands
 x - a wand of iceblast (8)
 y - a wand of flame (31)
 J - a wand of charming (5)
Scrolls
 e - 3 scrolls of teleportation
 g - 3 scrolls of enchant weapon
 i - 2 scrolls of fog {unknown}
 j - a scroll of holy word {unknown}
 s - a scroll of immolation {unknown}
 w - a scroll of enchant armour {unknown}
 A - a scroll of summoning {unknown}
 E - 2 scrolls of amnesia {unknown}
 F - 3 scrolls of magic mapping
 G - a scroll of acquirement
 Q - a scroll of brand weapon {unknown}
Potions
 f - 2 potions of haste
 h - a potion of ambrosia
 l - 3 potions of berserk rage
 p - 2 potions of lignification {unknown}
 q - 2 potions of brilliance
 O - a potion of attraction
 P - a potion of heal wounds


   Skills:
 + Level 4.4 Slings
 - Level 2.1 Dodging
 - Level 1.5 Stealth
 * Level 9.0 Spellcasting
 + Level 7.0 Invocations


You had 6 spell levels left.
You knew the following spells:

 Your Spells              Type           Power      Damage    Failure   Level
a - Freeze                Ice            100%       1d11      2%          1
g - Gell's Gravitas       Tloc           21%        N/A       9%          3
l - Call Imp              Summ           42%        N/A       4%          2
m - Corona                Hex            46%        N/A       2%          1
n - Dispel Undead         Necr           42%        3d17      26%         4
p - Ozocubu's Armour      Ice            42%        N/A       9%          3
q - Frozen Ramparts       Ice            84%        1d10      9%          3
w - Hailstorm             Conj/Ice       42%        3d10      26%         4
Your spell library was empty.

Dungeon Overview and Level Annotations

Branches:
Dungeon (8/15)             Temple (0/1) D:6
   Lair: D:8-11

Altars:
Fedhas
Kikubaaqudgha
Ru
Yredelemnul
Zin
Lugonu

Shops:
D:2 *   D:4 *

Annotations:
D:4 Dowan


Innate Abilities, Weirdness & Mutations

You are immune to sickness and miasma.
You are immune to poison.
Your flesh is very heat resistant. (rF++)
You are vulnerable to cold. (rC-)
You float through the air rather than walking.
You learn spells naturally, not from books.
Your magical power is your life essence.
You have superior vitality. (+4 HP)


Message History

Your crimson imp blinks!
You swap places.
The ice beast closely misses your crimson imp.
There is an open door here.
Your crimson imp disappears in a puff of smoke!
The ice beast hits your crimson imp. The ice beast freezes your crimson imp!
Your crimson imp is frozen!
Your crimson imp dies!
Your crimson imp blinks!
Unknown command.
Casting: Dispel Undead (quite dangerous; 26% risk of failure)
Confirm with . or Enter, or press ? or * to list all spells.
A beastly little devil appears in a puff of flame.
Unknown command.
Your crimson imp hits the ice beast but does no damage.
There is an open door here.
Fire: 126 stones
Press: ? - help, Q - select action, (/) - cycle Shift-Dir - straight line, f - ice beast
Aim: an ice beast (ally target, 68% to hit)
You shoot a stone. The stone hits the ice beast.
The ice beast is moderately wounded.
Your crimson imp hits the ice beast.
Fire: 125 stones
Press: ? - help, Q - select action, (/) - cycle Shift-Dir - straight line, f/p - ice beast
Aim: an ice beast (heavily wounded, ally target, 68% to hit)
You shoot a stone. The stone hits the ice beast.
The ice beast is heavily wounded.
The ice beast barely misses you.
Your crimson imp closely misses the ice beast.
Unknown command.
Fire: 124 stones
Press: ? - help, Q - select action, (/) - cycle Shift-Dir - straight line, f/p - ice beast
Aim: an ice beast (heavily wounded, ally target, 69% to hit)
You shoot a stone. The stone hits the ice beast.
The ice beast is poisoned.
The ice beast is severely wounded.
Your crimson imp hits the ice beast but does no damage.
The ice beast hits you.
* * * LOW HITPOINT WARNING * * *
The ice beast freezes you!!
You feel a terrible chill!
You die...

#########..##....####...
#....'....#####..
#....##..##..##..
####..#####'....#..
##..#'##,,,##....#..
#...)##,,,,,##..##..
#....+,,,,,,,##'##..
##..##,,,8,,,##..##.
##@##,,,,,,,+....#.
##.Y##,,,,,*#....#.
#.55(##,,,**+#..##.
#....'###**,,#####.
##..##..#*,,,,* #.
####...(+,,,,* *,
#....#*,,** *,
##??##**** *, #### *,


You could see an ice beast (very poisoned, ally target) and 2 friendly crimson
imps.

Vanquished Creatures
  Pikel (D:5)
  Maurice (D:8)
  A troll (D:7)
  A hornet (D:7)
  A steam dragon (D:7)
  Menkaure (D:5)
  Edmund (D:5)
  Duvessa (D:4)
  An ice beast (D:6)
  An ogre (D:5)
  A necrophage (D:7)
  2 centaurs
  4 lemures (D:5)
  A kobold brigand (D:7)
  2 wyvern zombies (D:7)
  2 bullfrogs (D:7)
  2 scorpions (D:5)
  2 gnoll sergeants
  A howler monkey (D:6)
  A centaur zombie (D:7)
  A jelly (D:6)
  2 centaur skeletons (D:7)
  Ijyb (D:5)
  3 iguanas
  3 orc wizards
  13 gnolls
  8 adders
  2 ufetubi
  An adder skeleton (D:4)
  A worm (D:2)
  3 dart slugs
  13 orcs
  4 endoplasms
  5 giant cockroaches
  5 goblins
  5 hobgoblins
  4 jackals (D:1)
  A kobold (D:2)
  4 quokkas
  A ball python (D:1)
  6 bats
  3 frilled lizards
  3 rats
120 creatures vanquished.

Vanquished Creatures (collateral kills)
  Sigmund (D:5)
  A necrophage (D:7)
  A phantom (D:7)
  2 hounds
  A hound skeleton (D:4)
  3 gnolls
  A hobgoblin (D:4)
10 creatures vanquished.

Grand Total: 130 creatures vanquished

Notes
Turn   | Place    | Note
-------+----------+-------------------------------------------
     0 | D:1      | Spectrina the Djinni Ice Elementalist began the quest for
                  | the Orb.
     0 | D:1      | Reached XP level 1. HP: 15/15 MP: 0/0
    93 | D:1      | Reached XP level 2. HP: 12/21 MP: 0/0
   359 | D:1      | Reached XP level 3. HP: 11/25 MP: 0/0
   359 | D:1      | Learned a level 1 spell: Corona
   455 | D:2      | Found Kerrod's Assorted Antiques.
   459 | D:2      | Bought 2 lumpy purple potions for 39 gold pieces
   488 | D:2      | Reached skill level 4 in Spellcasting
   729 | D:2      | Found a faded altar of an unknown god.
   744 | D:2      | Became a worshipper of Lugonu the Unformed
   744 | D:2      | Reached * piety under Lugonu
   744 | D:2      | Reached ** piety under Lugonu
   960 | D:3      | Reached XP level 4. HP: 5/31 MP: 0/0
  1070 | D:2      | Bought a scroll labelled ASUOCEKKAO for 22 gold pieces
  1070 | D:2      | Bought a scroll labelled ASUOCEKKAO for 22 gold pieces
  1070 | D:2      | Bought an emerald potion for 19 gold pieces
  1489 | D:3      | Reached skill level 1 in Invocations
  1671 | D:4      | Reached XP level 5. HP: 30/35 MP: 0/0
  1671 | D:4      | Learned a level 2 spell: Call Imp
  1723 | D:4      | Found Goschick's General Store.
  1724 | D:4      | Noticed Duvessa
  1724 | D:4      | Noticed Dowan
  1816 | D:4      | Killed Duvessa
  1817 | D:4      | Reached skill level 5 in Spellcasting
  1817 | D:4      | Reached XP level 6. HP: 9/40 MP: 0/0
  2099 | D:5      | Entered Level 5 of the Dungeon
  2124 | D:5      | Noticed Sigmund
  2151 | D:5      | Noticed an ogre
  2156 | D:5      | Killed an ogre
  2245 | D:5      | Noticed Pikel
  2367 | D:5      | Reached XP level 7. HP: 23/45 MP: 0/0
  2367 | D:5      | Learned a level 3 spell: Gell's Gravitas
  2371 | D:5      | Found a blossoming altar of Fedhas.
  2377 | D:5      | HP: 2/45 [gnoll (3)]
  2536 | D:5      | Noticed Menkaure
  2602 | D:4      | Bought a scroll of noise for 12 gold pieces
  2782 | D:2      | Reached *** piety under Lugonu
  2813 | D:2      | Bought a jewelled fluorescent wand for 88 gold pieces
  2922 | D:5      | Noticed Edmund
  2947 | D:5      | Killed Edmund
  2948 | D:5      | Reached skill level 6 in Spellcasting
  3025 | D:5      | Killed Sigmund
  3026 | D:5      | Reached XP level 8. HP: 26/50 MP: 0/0
  3100 | D:5      | Noticed Ijyb
  3135 | D:5      | Killed Ijyb
  3179 | D:5      | Identified the +6 hunting sling of Trial by Ordeal {venom,
                  | Dex+3}
  3309 | D:5      | Killed Pikel
  3310 | D:5      | Reached skill level 1 in Slings
  3310 | D:5      | Reached skill level 7 in Spellcasting
  3310 | D:5      | Reached skill level 5 in Invocations
  3654 | D:5      | Killed Menkaure
  3655 | D:5      | Reached XP level 9. HP: 49/55 MP: 0/0
  3655 | D:5      | Learned a level 4 spell: Dispel Undead
  3674 | D:5      | Found a basalt altar of Yredelemnul.
  3907 | D:6      | Found a glowing silver altar of Zin.
  3985 | D:6      | Found a sacrificial altar of Ru.
  4104 | D:6      | Reached skill level 8 in Spellcasting
  4263 | D:7      | Noticed a hornet
  4266 | D:7      | Noticed a troll
  4267 | D:7      | Killed a hornet
  4274 | D:7      | Killed a troll
  4365 | D:7      | Reached **** piety under Lugonu
  4418 | D:6      | Reached XP level 10. HP: 37/60 MP: 0/0
  4495 | D:6      | Found a staircase to the Ecumenical Temple.
  4561 | D:8      | Noticed Maurice
  4571 | D:8      | HP: 1/60 [acid (11)]
  4572 | D:8      | Killed Maurice
  4606 | D:7      | Identified a scroll of acquirement
  4814 | D:7      | Reached skill level 9 in Spellcasting
  4826 | D:7      | Slain by an ice beast

Illustrated notes

Levels and vault maps discovered:
D:1:      amcnicky_arrival_abandoned_market, layout_rooms, minmay_pentomino_x4
D:2:      layout_basic, ebering_ecumenical_altar_rust, serial_shops, shop
D:3:      layout_loops_corners, pf_just_have_faith
D:4:      layout_loops_cross, serial_shops, shop, grunt_tough_drop, uniq_duvessa
D:5:      layout_loops_ring, kennysheep_mini, nicolae_overflow_crystal_walls,
          amcnicky_mini_pool_small, kennysheep_flooded_box, uniq_menkaure,
          uniq_pikel, uniq_edmund, uniq_ijyb, uniq_sigmund
D:6:      layout_basic, mainiacjoe_overflow_catch_the_wave,
          minmay_temple_entry_enclosed_plants
D:7:      minmay_bubble_buster, layout_basic
D:8:      layout_cave_pools, uniq_erica, uniq_maggie, uniq_maurice

Skill      XL: |  1  2  3  4  5  6  7  8  9 10 |
---------------+-------------------------------+-----
Spellcasting   | 4 5 6 7 8 9 |  9.0
Invocations    | 1 2 3 4 5 6 7 |  7.0
Slings         | 2 3 4 |  4.4
Dodging        | |  2.1
Stealth        | |  1.5

Action                   |  1- 3 |  4- 6 |  7- 9 | 10-12 || total
-------------------------+-------+-------+-------+-------++-------
Melee: Unarmed           |     3 |       |       |       ||     3
       Dagger            |     8 |    48 |    26 |       ||    82
       Short sword       |       |     3 |       |       ||     3
       Flail             |       |       |     3 |     2 ||     5
 Fire: Hunting sling     |       |       |    72 |    13 ||    85
Throw: Javelin           |       |     2 |     1 |       ||     3
 Cast: Freeze            |    42 |    14 |    12 |     1 ||    69
       Frozen Ramparts   |     2 |     7 |    13 |     3 ||    25
       Call Imp          |       |     2 |    19 |     6 ||    27
       Ozocubu's Armour  |       |     1 |     6 |     3 ||    10
       Hailstorm         |       |     6 |    13 |     1 ||    20
       Gell's Gravitas   |       |       |     5 |     3 ||     8
       Dispel Undead     |       |       |     5 |     2 ||     7
Evoke: Wand              |       |       |     6 |     3 ||     9
  Use: Potion            |       |     2 |     1 |       ||     3
       Scroll            |       |       |       |     7 ||     7
 Stab: Sleeping          |     4 |     1 |       |       ||     5
       Distracted        |       |     1 |     1 |       ||     2
Armor: Robe              |     8 |    11 |    35 |     3 ||    57
       Scale mail        |       |       |       |     2 ||     2
Dodge: Dodged            |    19 |    38 |    51 |     7 ||   115

Table legend: (Time is in decaauts)
 A = Elapsed time spent in this place.
 B = Non-inter-level travel time spent in this place.
 C = Inter-level travel time spent in this place.
 D = Time resting spent in this place.
 E = Time spent auto-exploring this place.
 F = Levels seen in this place.
 G = Mean time per level.
                   A        B        C        D        E       F      G
               +--------+--------+--------+--------+--------+-----+--------+
         Total |   4870 |   4384 |    486 |      0 |      0 |   8 |  608.8 |
       Dungeon |   4870 |   4384 |    486 |      0 |      0 |   8 |  608.8 |
               +--------+--------+--------+--------+--------+-----+--------+

Top non-repeatable levels by time:
     D:5: 1068 daAuts
     D:3: 929 daAuts
     D:2: 722 daAuts
     D:7: 583 daAuts
     D:4: 565 daAuts
     D:6: 553 daAuts
     D:1: 428 daAuts
     D:8: 18 daAuts
